 Dungeon Crawl Stone Soup version 0.31-a0-232-gb1c03b2570 (webtiles) character file.

Game seed: 16863019361479196891

427 qw the Shooter (level 6, -1/52 HPs)
             Began as a Minotaur Hexslinger on July 7, 2023.
             Killed from afar by a steam dragon (11 damage)
             ... with a ball of steam
             ... on level 5 of the Dungeon.
             The game lasted 00:02:00 (4753 turns).

qw the Shooter (Minotaur Hexslinger)                Turns: 4753, Time: 00:02:00

Health: -1/52      AC:  6    Str: 13    XL:     6   Next: 65%
Magic:  6/6        EV: 11    Int: 10    God:
Gold:   159        SH:  0    Dex: 20    Spells: 6/7 levels left

rFire   . . .        Y - +2 sling (flame)
rCold   . . .        (no shield)
rNeg    . . .        g - +0 ring mail
rPois   .            (helmet restricted)
rElec   .            c - +0 cloak
rCorr   .            (no gloves)
SInv    .            (no boots)
Will    .....        (no amulet)
Stlth   +            l - +6 ring of dexterity
HPRegen 0.28/turn    (no ring)
MPRegen 0.10/turn

%: no passive effects
@: about to teleport
A: horns 2, retaliatory headbutt
a: no special abilities


You were on level 5 of the Dungeon.
You visited 1 branch of the dungeon, and saw 5 of its levels.

You collected 159 gold pieces.


Innate Abilities, Weirdness & Mutations

You have a pair of horns on your head.
You reflexively headbutt those who attack you in melee.


   Skills:
 - Level 4.1 Fighting
 + Level 6.8 Ranged Weapons
 - Level 1.1 Armour
 - Level 2.1 Dodging
 - Level 1.0 Spellcasting
 - Level 2.0 Hexes


You had 6 spell levels left.
You knew the following spells:

 Your Spells              Type           Power      Damage    Failure   Level
a - Slow                  Hex            16%        N/A       32%         1

Your spell library contained the following spells:

 Spells                   Type           Power      Damage    Failure   Level
 Inner Flame              Hex/Fire       2%         N/A       82%         3
 Portal Projectile        Hex/Tloc       4%         N/A       82%         3
 Cause Fear               Hex            2%         N/A       97%         4

Inventory:

Hand Weapons
 Y - a +2 sling of flaming (weapon)
Armour
 c - a +0 cloak (worn)
 g - a +0 ring mail (worn)
Jewellery
 l - a +6 ring of dexterity (left hand)
Scrolls
 b - 2 scrolls of identify
 j - a scroll of fear {unknown}
 k - a scroll of revelation {unknown}
Potions
 a - 2 potions of haste
 d - a potion of resistance
 e - a potion of mutation
 f - 2 potions of heal wounds
 h - 3 potions of curing

Dungeon Overview and Level Annotations

Branches:
Dungeon (5/15)
 Temple: D:4-7

Altars:
Elyvilon
Wu Jian
Yredelemnul

Annotations:
D:4 1 runed translucent door, qw's ghost, amateur GrFi


Message History

You shoot a sling bullet.
The sling bullet closely misses the adder.
You shoot a sling bullet.
The sling bullet barely misses the adder.
You shoot a sling bullet. The sling bullet hits the adder!
The sling bullet burns the adder.
The adder is almost dead.
You shoot a sling bullet. The sling bullet hits the adder!
The sling bullet burns the adder.
You kill the adder!
There is an open door here.
You see here an adder corpse.
You open the door.
There is an open door here.
A steam dragon comes into view.
The steam dragon breathes steam at you. The ball of steam hits you!
The steam dragon moves out of view.
Enter note:
Enter note:
Enter note:
Enter note: You shoot a sling bullet.
The sling bullet closely misses the steam dragon.
You are engulfed in a cloud of scalding steam.
You shoot a sling bullet. The sling bullet hits the steam dragon.
The sling bullet burns the steam dragon.
The steam dragon is lightly wounded.
You are engulfed in a cloud of scalding steam.
The steam dragon bites you! The steam dragon barely misses you.
You shoot a sling bullet.
The sling bullet closely misses the steam dragon.
You are engulfed in a cloud of scalding steam.
The steam dragon closely misses you.
The steam dragon claws you but does no damage.
4753 ||| READING scroll of teleportation.
As you read the scroll of teleportation, it crumbles to dust.
You feel strangely unstable. The steam dragon breathes steam at you.
The ball of steam hits you!
You die...

....# ##.....# .####
#.##### .# #.# .# ##+##
## .# ##...## .. .#
##...>.## .#
######.......## ..#
....#.........####...##
....%.........'.@D....#
.##.#.........####...##
###.##.......## ..# #
#.###.....## .# # #.#
##...## # # #.# ##+##
..# ###


You could see a steam dragon (catching breath).

Vanquished Creatures
  An ogre (D:5)
  A scorpion (D:5)
  A hound (D:4)
  Terence (D:2)
  An iguana (D:5)
  An orc wizard (D:3)
  3 gnolls (D:5)
  5 adders
  A white imp (D:4)
  2 worms (D:3)
  4 dart slugs
  5 orcs
  4 ball pythons
  8 endoplasms
  4 giant cockroaches
  2 goblins (D:1)
  6 hobgoblins
  4 jackals
  7 quokkas
  5 bats
  A frilled lizard (D:1)
  10 kobolds
  7 rats
84 creatures vanquished.

Notes
Turn   | Place    | Note
-------+----------+-------------------------------------------
     0 | D:1      | qw the Minotaur Hexslinger began the quest for the Orb.
     0 | D:1      | Reached XP level 1. HP: 16/16 MP: 1/1
     0 | D:1      | 0 ||| qw: Version: 0.3-a-46-gb1f654a
     0 | D:1      | 0 ||| qw: Game counter: 2439
     0 | D:1      | 0 ||| qw: Melee chars always use a shield: true
     0 | D:1      | 0 ||| qw: God list: Okawaru
     0 | D:1      | 0 ||| qw: Allow faded altars: false
     0 | D:1      | 0 ||| qw: Do Orc after clearing Dungeon:15 true
     0 | D:1      | 0 ||| qw: Do second Lair branch before Depths: true
     0 | D:1      | 0 ||| qw: Lair rune preference: random
     0 | D:1      | 0 ||| qw: Goals: Normal
     0 | D:1      | 0 ||| PLANNING D:1-11
    19 | D:1      | 19 ||| FLEEEEING.
    20 | D:1      | 20 ||| FLEEEEING.
    21 | D:1      | 21 ||| FLEEEEING.
   112 | D:1      | Found a faded altar of an unknown god.
   128 | D:1      | Reached skill level 3 in Ranged Weapons
   164 | D:1      | Reached XP level 2. HP: 19/23 MP: 2/2
   795 | D:1      | 795 ||| UPGRADING to +0 leather armour.
   805 | D:1      | 805 ||| DROPPING +0 robe.
   806 | D:1      | 806 ||| UPGRADING to +0 ring mail.
   816 | D:1      | 816 ||| DROPPING +0 leather armour.
   817 | D:1      | 817 ||| READING scroll labelled ROUPEA VOUSEASADD.
   818 | D:1      | 818 ||| READING scroll labelled POIZ ILLOARE.
   819 | D:1      | 819 ||| DRINKING 2 smoky coppery potions.
   820 | D:1      | 820 ||| DROPPING scroll of poison.
  1090 | D:2      | Reached XP level 3. HP: 29/29 MP: 3/3
  1138 | D:2      | Noticed Terence
  1147 | D:2      | 1147 ||| READING 2 scrolls of identify.
  1147 | D:2      | 1147 ||| IDENTIFYING sapphire potion
  1155 | D:2      | 1155 ||| FLEEEEING.
  1156 | D:2      | 1156 ||| FLEEEEING.
  1170 | D:2      | 1170 ||| FLEEEEING.
  1171 | D:2      | 1171 ||| FLEEEEING.
  1190 | D:2      | 1190 ||| FLEEEEING.
  1217 | D:2      | 1217 ||| FLEEEEING.
  1218 | D:2      | 1218 ||| FLEEEEING.
  1239 | D:2      | 1239 ||| FLEEEEING.
  1240 | D:2      | 1240 ||| FLEEEEING.
  1247 | D:2      | 1247 ||| FLEEEEING.
  1248 | D:2      | 1248 ||| FLEEEEING.
  1249 | D:2      | 1249 ||| FLEEEEING.
  1251 | D:2      | HP: 5/29 [Terence/+0 trident (5)]
  1252 | D:2      | 1252 ||| DRINKING potion of heal wounds.
  1259 | D:2      | 1259 ||| FLEEEEING.
  1261 | D:2      | 1261 ||| FLEEEEING.
  1266 | D:2      | HP: 3/29 [Terence/+0 trident (7)]
  1267 | D:2      | Killed Terence
  1268 | D:2      | Reached skill level 4 in Ranged Weapons
  1543 | D:2      | Reached skill level 1 in Armour
  1543 | D:2      | Reached XP level 4. HP: 21/36 MP: 4/4
  1543 | D:2      | 1543 ||| FLEEEEING.
  1544 | D:2      | 1544 ||| FLEEEEING.
  1545 | D:2      | 1545 ||| FLEEEEING.
  1546 | D:2      | 1546 ||| FLEEEEING.
  1547 | D:2      | 1547 ||| FLEEEEING.
  1548 | D:2      | 1548 ||| FLEEEEING.
  1549 | D:2      | 1549 ||| FLEEEEING.
  1552 | D:2      | 1552 ||| FLEEEEING.
  1553 | D:2      | 1553 ||| FLEEEEING.
  1554 | D:2      | 1554 ||| FLEEEEING.
  1555 | D:2      | 1555 ||| FLEEEEING.
  1556 | D:2      | 1556 ||| FLEEEEING.
  1557 | D:2      | 1557 ||| FLEEEEING.
  1558 | D:2      | 1558 ||| FLEEEEING.
  1559 | D:2      | 1559 ||| FLEEEEING.
  1560 | D:2      | 1560 ||| FLEEEEING.
  1561 | D:2      | 1561 ||| FLEEEEING.
  1562 | D:2      | 1562 ||| FLEEEEING.
  1563 | D:2      | 1563 ||| FLEEEEING.
  1564 | D:2      | 1564 ||| FLEEEEING.
  1565 | D:2      | 1565 ||| FLEEEEING.
  1566 | D:2      | 1566 ||| FLEEEEING.
  1567 | D:2      | 1567 ||| FLEEEEING.
  1568 | D:2      | 1568 ||| FLEEEEING.
  1569 | D:2      | 1569 ||| FLEEEEING.
  1572 | D:2      | 1572 ||| FLEEEEING.
  1573 | D:2      | 1573 ||| FLEEEEING.
  1574 | D:2      | 1574 ||| FLEEEEING.
  1575 | D:2      | 1575 ||| FLEEEEING.
  1576 | D:2      | 1576 ||| FLEEEEING.
  1577 | D:2      | 1577 ||| FLEEEEING.
  1578 | D:2      | 1578 ||| FLEEEEING.
  1579 | D:2      | 1579 ||| FLEEEEING.
  1580 | D:2      | 1580 ||| FLEEEEING.
  1581 | D:2      | 1581 ||| FLEEEEING.
  1582 | D:2      | 1582 ||| FLEEEEING.
  1583 | D:2      | 1583 ||| FLEEEEING.
  1586 | D:2      | 1586 ||| FLEEEEING.
  1587 | D:2      | 1587 ||| FLEEEEING.
  1590 | D:2      | 1590 ||| FLEEEEING.
  1591 | D:2      | 1591 ||| FLEEEEING.
  1593 | D:2      | 1593 ||| FLEEEEING.
  1594 | D:2      | 1594 ||| STAIRDANCE
  1620 | D:1      | 1620 ||| READING 2 scrolls of identify.
  1620 | D:1      | 1620 ||| IDENTIFYING metallic dark potion
  1621 | D:1      | 1621 ||| DROPPING potion of lignification.
  2163 | D:2      | 2163 ||| READING scroll labelled JEG TU YHY.
  2168 | D:2      | 2168 ||| READING 2 scrolls of identify.
  2168 | D:2      | 2168 ||| IDENTIFYING black potion
  2169 | D:2      | 2169 ||| DROPPING potion of brilliance.
  2410 | D:3      | 2410 ||| PLANNING SEWER
  2516 | D:3      | Found a white marble altar of Elyvilon.
  2642 | D:3      | HP: 8/36 [something (2)]
  2643 | D:3      | 2643 ||| DRINKING potion of heal wounds.
  2652 | D:3      | Reached skill level 5 in Ranged Weapons
  2881 | D:3      | Reached XP level 5. HP: 39/42 MP: 5/5
  3029 | D:3      | 3029 ||| Stepping ~*~*~tactically~*~*~ (water).
  3051 | D:3      | 3051 ||| RIP SEWER
  3052 | D:3      | 3052 ||| PLANNING D:1-11
  3089 | D:3      | Reached skill level 3 in Fighting
  3100 | D:3      | 3100 ||| UPGRADING to +0 cloak.
  3105 | D:3      | 3105 ||| DROPPING +6 ring of intelligence.
  3106 | D:3      | 3106 ||| READING 2 scrolls labelled OCASMEO WETENWI.
  3107 | D:3      | 3107 ||| READING scroll labelled ALOHIU ARCHE.
  3183 | D:3      | 3183 ||| READING 3 scrolls of identify.
  3183 | D:3      | 3183 ||| IDENTIFYING silvery potion
  3184 | D:3      | 3184 ||| READING 2 scrolls of identify.
  3184 | D:3      | 3184 ||| IDENTIFYING bubbling green potion
  3185 | D:3      | 3185 ||| DROPPING scroll of summoning.
  3215 | D:4      | 3215 ||| PLANNING OSSUARY
  3251 | D:4      | 3251 ||| READING scroll labelled ICIUCEU OVVU.
  3289 | D:4      | Found an ornate altar of the Wu Jian Council.
  3417 | D:4      | Found a runed translucent door.
  3418 | D:4      | Noticed qw's ghost (amateur GrFi)
  3972 | D:4      | 3972 ||| RIP OSSUARY
  3975 | D:4      | Noticed a hornet
  4210 | D:4      | 4210 ||| PLANNING D:1-11
  4210 | D:4      | 4210 ||| UPGRADING to +6 ring of dexterity.
  4211 | D:4      | 4211 ||| READING scroll labelled MONEKY USHEN.
  4212 | D:4      | 4212 ||| READING scroll labelled MEUQYO ESHROUMU.
  4213 | D:4      | 4213 ||| READING scroll labelled IWEINY MO TAO.
  4214 | D:4      | 4214 ||| DRINKING 2 coppery potions.
  4236 | D:5      | Entered Level 5 of the Dungeon
  4296 | D:5      | Reached skill level 6 in Ranged Weapons
  4346 | D:5      | Reached XP level 6. HP: 46/52 MP: 6/6
  4384 | D:5      | Found a basalt altar of Yredelemnul.
  4749 | D:5      | Noticed a steam dragon
  4752 | D:5      | HP: 9/52 [steam dragon] (10)]
  4753 | D:5      | 4753 ||| READING scroll of teleportation.
  4753 | D:5      | Killed from afar by a steam dragon

Levels and vault maps discovered:
D:1:      dpeg_arrival_rooms_c, layout_basic,
          hellmonk_ecumenical_altar_arch_garden
D:2:      layout_basic, minmay_tiny_reverse_x, uniq_terence
D:3:      layout_rooms, elyvilon_altar_1, gup_sewer_entry_bubbles
D:4:      layout_gridville, mainiacjoe_overflow_surrounded_room,
          enter_ossuary_1, serial_glass, glass_columns_b, glass_columns_c,
          ebering_ghost_inner_flame, hangedman_abyss_or_decor_lesser_grid
D:5:      layout_loops_corners, nicolae_ru_the_path_less_chosen,
          lemuel_doored_altar, lemuel_temple_firewalk_b,
          kennysheep_generic_room_15

Skill      XL: |  1  2  3  4  5 |
---------------+----------------+-----
Ranged Weapons | 3 4 5 6 |  6.8
Fighting       | 2 4 |  4.1
Armour         | 1 |  1.1
Dodging        | |  2.1
Spellcasting   | |  1.0
Hexes          | |  2.0

Action                     |  1- 3 |  4- 6 || total
---------------------------+-------+-------++-------
   Fire: Sling             |   122 |   211 ||   333
    Use: Scroll            |     3 |    12 ||    15
         Potion            |     2 |     2 ||     4
 Armour: Ring mail         |     9 |    51 ||    60
         Robe              |     1 |       ||     1
  Dodge: Dodged            |    47 |    88 ||   135

Table legend:
 A = Non-vault XP
 B = Vault XP
 C = Vault XP percentage of total XP
 D = Non-vault monster count
 E = Vault monster count
 F = Vault count percentage of total count
                 A         B        C        D         E       F
            +---------+---------+-------+---------+---------+-------
      Total |     420 |     190 |  31.1 |      73 |      11 |  13.1
            +---------+---------+-------+---------+---------+-------
        D:1 |      34 |       0 |   0.0 |      21 |       0 |   0.0
        D:2 |      23 |      50 |  68.5 |      10 |       3 |  23.1
        D:3 |      97 |      18 |  15.7 |      25 |       7 |  21.9
        D:4 |      78 |       0 |   0.0 |       9 |       0 |   0.0
        D:5 |     188 |     122 |  39.4 |       8 |       1 |  11.1
            +---------+---------+-------+---------+---------+-------
